 Dungeon Crawl Stone Soup version 0.27-a0-1500-g450c7e4133 (webtiles) character file.

Game seed: 15462704549464439135

1416 Nausicaa the Grappler (level 8, 0/79 HPs)
             Began as a Troll Monk on July 7, 2021.
             Slain by a hornet (2 damage)
             ... while paralysed by a hornet
             ... on level 7 of the Dungeon.
             The game lasted 00:07:25 (1074 turns).

Nausicaa the Grappler (Troll Monk)                  Turns: 1074, Time: 00:07:25

Health: 0/79       AC:  8    Str: 20    XL:     8   Next: 43%
Magic:  7/7        EV:  1    Int:  8    God:
Gold:   1312       SH:  0    Dex: 18    Spells: 7/7 levels left

rFire    . . .     SeeInvis +     - Unarmed
rCold    . . .     Faith    .   (no shield)
rNeg     . . .     Spirit   .   o - +2 robe
rPois    .         Reflect  .   u - +1 hat {SInv}
rElec    .         Harm     .   j - +0 cloak
rCorr    .         Rampage  .   (gloves unavailable)
Will     .....                  (boots unavailable)
Stlth    ++........             (no amulet)
HPRegen  1.23/turn              s - +6 ring of dexterity
MPRegen  0.10/turn              (no ring)

@: paralysed, brilliant, lethally poisoned (0 -> -14), slowed, studying Dodging
A: large, unfitting armour, claws 3, regeneration 1, shaggy fur 1, tough skin 1
a: no special abilities


You were on level 7 of the Dungeon.
You visited 1 branch of the dungeon, and saw 7 of its levels.

You collected 1312 gold pieces.

Inventory:

Missiles
 c - 7 javelins (quivered)
Armour
 a - a +0 robe
 d - a +0 pair of boots
 j - a +0 cloak (worn)
 o - a +2 robe (worn)
 u - a +1 hat of see invisible (worn)
Jewellery
 s - a +6 ring of dexterity (left claw)
Wands
 k - a wand of mindburst (7)
Scrolls
 b - a scroll of fog {unknown}
 g - a scroll of enchant weapon {unknown}
 h - a scroll of brand weapon {unknown}
 i - 2 scrolls of vulnerability
 l - a scroll of summoning {unknown}
 n - a scroll of enchant armour {unknown}
 q - 3 scrolls of fear {unknown}
 t - a scroll of noise {unknown}
Potions
 e - a potion of might {unknown}
 f - a potion of brilliance
 p - a potion of curing {unknown}
 r - a potion of ambrosia {unknown}


   Skills:
 + Level 4.9 Fighting
 + Level 5.0 Dodging
 - Level 1.0 Stealth
 * Level 8.0 Unarmed Combat


You had 7 spell levels left.
You didn't know any spells.
Your spell library contained the following spells:

 Spells                   Type           Power      Damage    Failure   Level
 Magic Dart               Conj           0%         1d3       41%         1
 Call Imp                 Summ           0%         N/A       54%         2
 Searing Ray              Conj           0%         3d3       54%         2
 Sublimation of Blood     Necr           0%         N/A       54%         2
 Mephitic Cloud           Conj/Pois/Air  0%         N/A       78%         3
 Fulminant Prism          Conj/Hex       0%         3d6       99%         4
 Petrify                  Tmut/Erth      0%         N/A       99%         4
 Irradiate                Conj/Tmut      0%         3d13      100%        5


Dungeon Overview and Level Annotations

Branches:
Dungeon (7/15)
 Temple: D:4-7

Altars:
Dithmenos
Ru


Innate Abilities, Weirdness & Mutations

You are too large for most types of armour.
You have claws for hands.
Your natural rate of healing is unusually fast.
You are covered in fur. (AC +1)
You have tough skin. (AC +1)


Message History

You feel very sick. The hornet completely misses you. The hornet stings you.
You feel as though you will be slow longer.
You scratch the hornet but do no damage.
The hornet is severely wounded.
You feel sick. The hornet stings you.
You feel as though you will be slow longer.
You claw the hornet!
The hornet is almost dead.
You feel sick. The hornet stings you.
You suddenly lose the ability to move!
The hornet stings you!
You feel as though you will be slow longer.
You feel your willpower return.
You feel sick. The hornet stings you.
You feel as though you will be slow longer.
The hornet stings you!
You are more poisoned.
You feel as though you will be slow longer.
You can move again.
You closely miss the hornet.
The hornet is almost dead.
You feel very sick.
The hornet stings you but does no damage.
The hornet misses you.
You barely miss the hornet.
The hornet is almost dead.
You feel very sick. The hornet stings you!
* * * LOW HITPOINT WARNING * * *
You are more poisoned.
You feel as though you will be slow longer.
It was a potion of brilliance.
You feel clever all of a sudden.
* * * LOW HITPOINT WARNING * * *
You feel extremely sick. The hornet stings you!
* * * LOW HITPOINT WARNING * * *
You are more poisoned.
You suddenly lose the ability to move!
The hornet stings you.
You die...

###########
#.<.@yooz.#
#########...o.
... .


You could see a hornet, a wight and 2 orcs.

Vanquished Creatures
  Pikel (D:6)
  2 black bears
  An ice beast (D:5)
  A necrophage (D:3)
  A phantom (D:6)
  A wight (D:7)
  4 hounds
  An orc priest (D:7)
  2 bullfrog skeletons (D:5)
  3 iguanas
  5 orc wizards
  2 hound skeletons
  An adder (D:2)
  A white imp (D:6)
  3 dart slugs
  12 orcs
  A ball python (D:2)
  An endoplasm (D:3)
  2 giant cockroaches
  4 goblins
  3 hobgoblins
  4 jackals (D:1)
  A quokka (D:1)
  2 bats (D:1)
  A frilled lizard (D:3)
  4 kobolds
  2 rats
66 creatures vanquished.

Notes
Turn   | Place    | Note
-------+----------+-------------------------------------------
     0 | D:1      | Nausicaa the Troll Monk began the quest for the Orb.
     0 | D:1      | Reached XP level 1. HP: 22/22 MP: 0/0
    70 | D:1      | Reached XP level 2. HP: 29/29 MP: 1/1
   246 | D:2      | Reached XP level 3. HP: 36/36 MP: 2/2
   408 | D:3      | Noticed a necrophage
   418 | D:3      | Killed a necrophage
   419 | D:3      | Reached skill level 4 in Unarmed Combat
   419 | D:3      | Reached XP level 4. HP: 26/45 MP: 3/3
   535 | D:4      | Reached XP level 5. HP: 53/53 MP: 4/4
   628 | D:4      | Reached skill level 5 in Unarmed Combat
   661 | D:5      | Entered Level 5 of the Dungeon
   661 | D:5      | Noticed an ice beast
   673 | D:5      | Killed an ice beast
   674 | D:5      | Reached XP level 6. HP: 28/61 MP: 5/5
   837 | D:5      | Reached skill level 6 in Unarmed Combat
   865 | D:5      | Reached XP level 7. HP: 67/70 MP: 6/6
   870 | D:6      | Noticed Pikel
   881 | D:6      | Killed Pikel
   882 | D:6      | Reached skill level 7 in Unarmed Combat
   882 | D:6      | Reached XP level 8. HP: 44/79 MP: 7/7
   987 | D:6      | Found a shadowy altar of Dithmenos.
   994 | D:6      | Found a sacrificial altar of Ru.
  1038 | D:7      | Identified 3 scrolls of acquirement
  1038 | D:7      | Acquired 1134 gold pieces
  1040 | D:7      | Acquired a +1 hat of see invisible
  1047 | D:7      | Acquired a manual of Dodging
  1057 | D:7      | Noticed a hornet
  1067 | D:7      | Reached skill level 5 in Dodging
  1067 | D:7      | Reached skill level 8 in Unarmed Combat
  1070 | D:7      | Paralysed by a hornet for 2 turns
  1074 | D:7      | HP: 2/79 [hornet (10)]
  1074 | D:7      | Paralysed by a hornet for 3 turns
  1074 | D:7      | Slain by a hornet

Illustrated notes

Levels and vault maps discovered:
D:1:      lemuel_arrival_behind_the_door_small, layout_basic,
          minmay_split_cup_large
D:2:      layout_basic, kennysheep_generic_room_12
D:3:      layout_basic, shapermc_ecumenical_altar_notcrosses,
          grunt_ministairs_15
D:4:      layout_loops_cross, yredelemnul_forgotten_temple_becter,
          minmay_temple_entry_drinking_statues, gammafunk_ghost_necromancy,
          grunt_decor_mini_mirrors, minmay_misc_feat_columns,
          cheibrodos_gnoll_hut, uniq_menkaure
D:5:      layout_cave_pools, tgw_fedhas
D:6:      layout_rooms, jmf_multi_god_temple, uniq_pikel
D:7:      layout_basic, grunt_ministairs_14

Skill      XL: |  1  2  3  4  5  6  7  8 |
---------------+-------------------------+-----
Fighting       | 3 4 |  4.9
Dodging        | 3 4 5 |  5.0
Unarmed Combat | 4 5 6 7 8 |  8.0
Stealth        | |  1.0

Action                   |  1- 3 |  4- 6 |  7- 9 || total
-------------------------+-------+-------+-------++-------
Melee: Unarmed           |    69 |    96 |    43 ||   208
       Punch             |     1 |     2 |     1 ||     4
  Use: Scroll            |       |       |     4 ||     4
       Potion            |       |       |     1 ||     1
Armor: Robe              |    19 |    34 |    13 ||    66
Dodge: Dodged            |    41 |    68 |    25 ||   134

Table legend: (Time is in decaauts)
 A = Elapsed time spent in this place.
 B = Non-inter-level travel time spent in this place.
 C = Inter-level travel time spent in this place.
 D = Time resting spent in this place.
 E = Time spent auto-exploring this place.
 F = Levels seen in this place.
 G = Mean time per level.
                   A        B        C        D        E       F      G
               +--------+--------+--------+--------+--------+-----+--------+
         Total |   1057 |   1045 |     12 |      0 |    331 |   7 |  151.0 |
       Dungeon |   1057 |   1045 |     12 |      0 |    331 |   7 |  151.0 |
               +--------+--------+--------+--------+--------+-----+--------+

Top non-repeatable levels by time:
     D:2: 228 daAuts
     D:5: 197 daAuts
     D:3: 193 daAuts
     D:6: 162 daAuts
     D:1: 162 daAuts
     D:4: 75 daAuts
     D:7: 38 daAuts
